 Dungeon Crawl Stone Soup version 0.28.0-53-g5a82cb258f (webtiles) character file.

Game seed: 10570589764305656997

317 issech the Skirmisher (level 6, -2/56 HPs)
             Began as a Minotaur Monk on June 26, 2022.
             Succumbed to a kobold brigand's poison
             ... on level 4 of the Dungeon.
             The game lasted 00:12:21 (4658 turns).

issech the Skirmisher (Minotaur Monk)               Turns: 4658, Time: 00:12:22

Health: -2/56      AC: 11    Str: 16    XL:     6   Next: 20%
Magic:  5/5        EV:  8    Int:  7    God:
Gold:   94         SH:  0    Dex: 14    Spells: 5/5 levels left

rFire   . . .      SeeInvis .   u - +0 glaive
rCold   . . .      Faith    .   (shield currently unavailable)
rNeg    . . .      Spirit   .   s - +0 chain mail
rPois   .          Reflect  .   (helmet restricted)
rElec   .          Harm     .   (no cloak)
rCorr   .          Rampage  .   (no gloves)
Will    .....                   n - +1 pair of boots
Stlth   ..........              (no amulet)
HPRegen 0.18/turn               (no ring)
MPRegen 0.09/turn               (no ring)

@: lethally poisoned (-2 -> -15), hasted, very quick
A: horns 2, retaliatory headbutt
a: no special abilities


You were on level 4 of the Dungeon.
You visited 2 branches of the dungeon, and saw 5 of its levels.

You collected 94 gold pieces.

Inventory:

Hand Weapons
 a - a +0 hand axe
 d - a +0 flail
 o - a +0 scimitar
 u - a +0 glaive (weapon)
Missiles
 h - 132 stones (quivered)
 i - 69 bolts
 y - 8 poisoned darts
 z - 70 sling bullets
 A - 19 arrows
Armour
 b - a +0 robe
 e - a +0 ring mail
 f - a +0 scale mail
 n - a +1 pair of boots (worn)
 s - a +0 chain mail (worn)
Jewellery
 g - an amulet of guardian spirit
Wands
 r - a wand of charming (6)
Scrolls
 j - 4 scrolls of teleportation {unknown}
 k - a scroll of blinking {unknown}
 p - 2 scrolls of identify {unknown}
 q - a scroll of magic mapping {unknown}
 x - a scroll of fog {unknown}
Potions
 l - a potion of degeneration {unknown}
 m - a potion of resistance {unknown}
 t - 2 potions of attraction {unknown}
 v - a potion of cancellation {unknown}
 w - a potion of might {unknown}


   Skills:
 + Level 5.0 Fighting
 + Level 1.0 Long Blades
 + Level 3.7(4.7) Axes
 + Level 3.0(3.9) Maces & Flails
 + Level 2.9(3.8) Polearms
 + Level 3.1 Armour
 + Level 4.1 Dodging
 + Level 1.9 Stealth


You had 5 spell levels left.
You didn't know any spells.
Your spell library contained the following spells:

 Spells                   Type           Power      Damage    Failure   Level
 Pain                     Necr           0%         1d4       100%        1
 Agony                    Necr           0%         N/A       100%        5
 Excruciating Wounds      Necr           0%         N/A       100%        5


Dungeon Overview and Level Annotations

Branches:
Dungeon (4/15)             Temple (1/1) D:4

Altars:
Ashenzari
Cheibriados
Elyvilon
Fedhas
Kikubaaqudgha
Makhleb
Nemelex Xobeh
Okawaru
Ru
Sif Muna
Trog
Uskayaw
Vehumet
Wu Jian
Xom
Yredelemnul
Zin
The Shining One

Shops:
D:3 *

Annotations:
D:4 concernfroge's ghost, amateur DECj


Innate Abilities, Weirdness & Mutations

You have a pair of horns on your head.
You reflexively headbutt those who attack you in melee.


Message History

You headbutt the kobold!
You kill the kobold!
Concernfroge's ghost says very slowly, "There's no hope."
You slash the kobold!
You kill the kobold!
The kobold unwields a +0 whip.
The kobold wields a +0 hand crossbow.
The kobold shoots a bolt.
The bolt barely misses you.
The kobold unwields a +0 hand crossbow.
The kobold wields a +0 whip.
The kobold hits you but does no damage.
You see here a +0 club.
You hit the kobold.
You headbutt the kobold, but do no damage.
The kobold is moderately wounded.
You slash the kobold brigand!
The kobold brigand is heavily wounded.
The kobold brigand hits you but does no damage.
Space warps horribly around you!!
The kobold brigand hits you with a +1 short sword of distortion.
Space warps horribly around you!!
* * * LOW HITPOINT WARNING * * *
The kobold brigand throws a poisoned dart.
The poisoned dart hits you!
You are poisoned.
You feel sick.
The kobold brigand throws a poisoned dart.
The poisoned dart hits you!
You are lethally poisoned!
* * * LOW HITPOINT WARNING * * *
You feel very sick.
* * * LOW HITPOINT WARNING * * *
You feel very sick.
* * * LOW HITPOINT WARNING * * *
You feel very sick.
* * * LOW HITPOINT WARNING * * *
You feel sick.
The kobold brigand throws a poisoned dart.
The poisoned dart hits you!
You are more poisoned.
It was a potion of haste.
You feel yourself speed up.
You die...

...........#############
.....................#
.###################.#
########## #.#
.........###### #.#
..............### #.#
.....)..........####.#
########..........##.#
.......####.....@..#.#
...[......###........#
..[⌠[.......#........#
...)...†....#........#
......[###..##.....#.#
########.....#....##K#
.............#..####.#
............⌠#### #.#
.........##### #K#


You could see a kobold brigand.

Vanquished Creatures
  A hound (D:4)
  2 iguanas (D:4)
  A killer bee zombie (D:4)
  2 hound skeletons (D:4)
  5 gnolls
  2 adders
  5 worms
  4 orcs
  8 ball pythons
  3 bats
  10 endoplasms
  5 giant cockroaches
  10 goblins
  8 hobgoblins
  4 jackals (D:2)
  4 quokkas
  7 frilled lizards
  12 kobolds
  21 rats
114 creatures vanquished.

Vanquished Creatures (others)
  2 fungi (D:4)
  2 plants (D:4)
4 creatures vanquished.

Grand Total: 118 creatures vanquished

Notes
Turn   | Place    | Note
-------+----------+-------------------------------------------
     0 | D:1      | issech the Minotaur Monk began the quest for the Orb.
     0 | D:1      | Reached XP level 1. HP: 19/19 MP: 0/0
   145 | D:1      | Reached skill level 4 in Fighting
   145 | D:1      | Reached XP level 2. HP: 27/27 MP: 1/1
   202 | D:1      | Found a faded altar of an unknown god.
   546 | D:1      | Reached skill level 1 in Maces & Flails
   546 | D:1      | Reached XP level 3. HP: 30/33 MP: 2/2
  1414 | D:2      | Reached skill level 1 in Armour
  1598 | D:2      | Reached XP level 4. HP: 41/41 MP: 3/3
  2069 | D:3      | Found Qonluo's Assorted Antiques.
  2747 | D:2      | Reached XP level 5. HP: 47/47 MP: 4/4
  3387 | D:4      | Found a radiant altar of Vehumet.
  3434 | D:4      | Reached skill level 1 in Long Blades
  3434 | D:4      | Reached skill level 1 in Polearms
  3447 | D:4      | Found a basalt altar of Yredelemnul.
  3451 | D:4      | Found a hide-covered altar of Uskayaw.
  3538 | D:4      | Found a staircase to the Ecumenical Temple.
  3573 | Temple   | Entered the Ecumenical Temple
  4017 | D:4      | Found an ornate altar of the Wu Jian Council.
  4258 | D:4      | Reached XP level 6. HP: 53/53 MP: 5/5
  4435 | D:4      | Found a burning altar of Makhleb.
  4530 | D:4      | Reached skill level 5 in Fighting
  4613 | D:4      | Found a runed translucent gate.
  4613 | D:4      | Found a runed translucent gate.
  4613 | D:4      | Found a runed translucent gate.
  4616 | D:4      | Noticed concernfroge's ghost (amateur DECj)
  4657 | D:4      | HP: 1/56 [poisoned by a kobold brigand]
  4658 | D:4      | Succumbed to a kobold brigand's poison

Illustrated notes

Levels and vault maps discovered:
D:1:      minmay_arrival_cross, layout_basic, ebering_ecumenical_altar_mist,
          chequers_serial_rivers_small_b, supply_closet_lemuel, hex_medium
D:2:      minmay_door_path, layout_loops_cross, chequers_serial_rivers_large_a,
          minmay_distorted
D:3:      layout_basic, serial_shops, shop_fountains, minmay_rat_hole
D:4:      kennysheep_spiral_hall, layout_basic, amcnicky_altar_gilded,
          kennysheep_mini, mainiacjoe_overflow_catch_the_wave,
          lightli_temple_of_fire, minmay_temple_entry_overgrown,
          gammafunk_ghost_nasty_kobolds, chequers_serial_rivers_micro_e,
          minmay_misc_feat_four_crosses
Temple:   oiseaux_autumnal_temple

Skill      XL: |  1  2  3  4  5  6 |
---------------+-------------------+-----
Fighting       | 4 5 |  5.0
Maces & Flails | 1 2 3 |  3.0
Armour         | 1 2 3 |  3.1
Dodging        | 4 |  4.1
Long Blades    | 1 |  1.0
Polearms       | 2 |  2.9
Axes           | |  3.7
Stealth        | |  1.9

Action                   |  1- 3 |  4- 6 || total
-------------------------+-------+-------++-------
Melee: Hand axe          |    14 |       ||    14
       Headbutt          |     9 |    22 ||    31
       Flail             |    95 |    11 ||   106
       Punch             |     2 |       ||     2
       Scimitar          |       |    27 ||    27
       Glaive            |       |    95 ||    95
  Use: Potion            |       |     1 ||     1
Armor: Robe              |     6 |       ||     6
       Scale mail        |    39 |    22 ||    61
       Chain mail        |       |    63 ||    63
Dodge: Dodged            |    90 |    98 ||   188
